 Dungeon Crawl Stone Soup version 0.29-a0-1009-g60c99734e7 (webtiles) character file.

Game seed: 11386094370116696887

4385 Manisian the Unseen (level 10, 0/46 HPs)
             Began as a Spriggan Enchanter on Aug 8, 2022.
             Was an Initiate of Dithmenos.
             Killed from afar by Erica (25 damage)
             ... with a bolt of poison
             ... on level 8 of the Dungeon.
             The game lasted 00:17:39 (10717 turns).

Manisian the Unseen (Spriggan Enchanter)           Turns: 10717, Time: 00:17:40

Health: 0/46       AC:  3    Str:  4    XL:     10   Next: 13%
Magic:  19/21      EV: 19    Int: 22    God:    Dithmenos [......]
Gold:   630        SH:  5    Dex: 18    Spells: 10/23 levels left

rFire   + . .      SeeInvis +   v - +4 dagger "Elas" {vorpal, Int+3}
rCold   . . .      Faith    .   (no shield)
rNeg    . . .      Spirit   .   b - +1 robe
rPois   .          Reflect  +   (helmet restricted)
rElec   .          Harm     .   (no cloak)
rCorr   .          Rampage  .   (gloves unavailable)
Will    +....                   (boots unavailable)
Stlth   ++++++....              l - amulet of reflection
HPRegen 0.15/turn               e - ring of protection from fire
MPRegen 0.17/turn               t - ring of wizardry

@: lethally poisoned (0 -> -19), very quick
A: very small, no large weapons, unfitting armour, see invisible, speed 3
a: Renounce Religion


You were on level 8 of the Dungeon.
You worshipped Dithmenos.
Dithmenos was noncommittal.
You visited 2 branches of the dungeon, and saw 9 of its levels.
You also visited: Sewer.

You collected 630 gold pieces.

Inventory:

Hand Weapons
 a - a +2 dagger
 j - a +1 vampiric dagger
 s - a +3 dagger of speed
 v - the +4 dagger "Elas" (weapon) {vorpal, Int+3}
   (You took it off a kobold on level 6 of the Dungeon)

   It inflicts extra damage upon your enemies.
   Int:       It affects your intelligence (+3).
Armour
 b - a +1 robe (worn)
Jewellery
 e - a ring of protection from fire (left hand)
 l - an amulet of reflection (around neck)
 p - an amulet of guardian spirit
 t - a ring of wizardry (right hand)
Wands
 q - a wand of flame (30)
 B - a wand of paralysis (8)
Scrolls
 d - a scroll of teleportation
 n - a scroll of poison
 o - 2 scrolls of identify
 C - a scroll of magic mapping
Potions
 g - 3 potions of attraction
 h - a potion of berserk rage
 i - a potion of degeneration
 k - 2 potions of ambrosia
 m - 2 potions of curing
 x - 2 potions of haste
 z - a potion of mutation
 A - a potion of cancellation


   Skills:
 + Level 1.6 Fighting
 + Level 5.1 Short Blades
 + Level 4.8 Dodging
 * Level 15.5 Stealth
 + Level 1.0 Shields
 + Level 7.2 Spellcasting
 + Level 7.0 Hexes
 + Level 3.5 Ice Magic
 + Level 1.4 Evocations


You had 10 spell levels left.
You knew the following spells:

 Your Spells              Type           Power      Damage    Failure   Level
a - Ensorcelled Hibernat  Hex/Ice        62%        N/A       1%          2
b - Tukima's Dance        Hex            39%        N/A       1%          3
c - Dazzling Flash        Conj/Hex       46%        N/A       2%          3
d - Blink                 Tloc           14%        N/A       4%          2
e - Lesser Beckoning      Tloc           7%         N/A       10%         3

Your spell library contained the following spells:

 Spells                   Type           Power      Damage    Failure   Level
 Confusing Touch          Hex            39%        N/A       1%          3
 Summon Guardian Golem    Hex/Summ       23%        N/A       2%          3
 Magic Dart               Conj           32%        1d4       3%          1
 Necrotise                Necr           28%        1d5       3%          1
 Summon Small Mammal      Summ           28%        N/A       3%          1
 Poisonous Vapours        Pois/Air       14%        N/A       4%          2
 Searing Ray              Conj           16%        2d5       4%          2
 Fulminant Prism          Conj/Hex       11%        3d9       8%          4
 Call Canine Familiar     Summ           7%         N/A       10%         3
 Corpse Rot               Necr/Pois/Air  7%         N/A       32%         4
 Iskenderun's Battlesphe  Conj           8%         2d6       61%         5
 Fireball                 Conj/Fire      4%         3d4       63%         5
 Manifold Assault         Tloc           7%         N/A       63%         5
 Conjure Ball Lightning   Conj/Air       4%         3x3d6     99%         6
 Orb of Destruction       Conj           4%         9d5       100%        7


Dungeon Overview and Level Annotations

Branches:
Dungeon (8/15)             Temple (1/1) D:7           Sewer (visited)
   Lair: D:8-11

Altars:
Ashenzari
Cheibriados
Dithmenos
Elyvilon
Hepliaklqana
Kikubaaqudgha
Makhleb
Nemelex Xobeh
Okawaru
Ru
Sif Muna
Trog
Uskayaw
Vehumet
Wu Jian
Xom
Yredelemnul
Zin
The Shining One

Shops:
D:1 !([   D:7 *

Annotations:
D:3 3 runed translucent doors, drpainis's ghost, amateur MiFi
D:6 1 runed translucent door, Encipher's ghost, novice DsIE
D:8 Erica


Innate Abilities, Weirdness & Mutations

You are very small and have problems with some larger weapons.
You are too small for most types of armour.
You have supernaturally acute eyesight. (SInv)
You cover ground extremely quickly. (Speed+++)


Message History

Erica shouts!
Erica looks drowsy...
You can't see any susceptible monsters within range! (Use Z to cast anyway.) Erica shouts!
Erica is unaffected.
You hit Erica.
Erica is lightly wounded.
You hit Erica but do no damage.
Erica is lightly wounded.
Erica points at you and mumbles some strange words.
The lance of force hits you!!
You are knocked back by the lance of force.
Read: scroll of summoning
Press: ? - help, Q - select action, (/) - cycle Dir - look around, f - activate
As you read the scroll of summoning, it crumbles to dust.
Wisps of shadow whirl around you...
Erica screams, "I'll never tell where it is!"
What are your orders? t - Shout!
Orders for allies: a - Attack new target. r - Retreat! s - Stop attacking. g - Guard the area. f - Follow me.
Anything else - Cancel.
Okay, then.
Your centaur wields a +0 shortbow.
Your centaur shoots an arrow.
The arrow hits Erica!
Your centaur unwields a +0 shortbow.
Your centaur barely misses Erica. x2
Your acid dragon spits acid at Erica.
The splash of acid hits Erica!
The acid corrodes Erica!
Your centaur hits Erica.
Your centaur kicks Erica.
Erica drinks a potion.
Erica flickers and vanishes for a moment.
Erica casts a spell at you.
Your centaur seems to slow down.
Your acid dragon bites Erica.
Your acid dragon claws Erica.
Erica points at you and mumbles some strange words.
The bolt of poison hits your centaur! The bolt of poison hits you!!
You are poisoned.
Ouch! That really hurt!
You die...

#........# #. ### #........#
###### #. ..##### #........#
#...<# #. ......### #........#
##....# #.
#.###...#####........###.....###.
.>.......................#.###...
.####.#####......................
## #..............D...##..####..
# ###..######...@c@.##....#####..
#.).).......##########.....###.
###)##)..###### ##...###.....
#......#.# ###..### ##.
....####.# ##...## #. #.### ###
#..### . #.# #.## #.# .8#####.###
#.# ..##......########


You could see Erica (invisible, corroded), a friendly acid dragon (summoned) and
a friendly centaur (summoned, slow).

Vanquished Creatures
  A harpy (shapeshifter) (D:8)
  Maggie (D:7)
  2 hornets
  2 steam dragons
  2 acid dragons (D:8)
  A water moccasin (Sewer)
  A sky beast (D:7)
  2 ice beasts
  A black bear (D:7)
  A centaur (D:6)
  3 phantoms
  2 kobold brigands
  2 bullfrogs
  A scorpion (D:6)
  2 wights (D:7)
  6 howler monkeys
  3 jellies
  5 hounds
  A gnoll bouda (D:7)
  7 orc wizards
  An iguana (D:5)
  9 gnolls
  9 adders
  A white imp (D:6)
  2 worms
  2 dart slugs
  10 orcs
  8 bats
  7 endoplasms
  7 giant cockroaches
  7 hobgoblins
  7 jackals
  7 kobolds
  8 quokkas
  5 ball pythons
  7 frilled lizards
  6 goblins
  3 rats
152 creatures vanquished.

Vanquished Creatures (collateral kills)
  A two-headed ogre (D:7)
  A wight (D:7)
2 creatures vanquished.

Grand Total: 154 creatures vanquished

Notes
Turn   | Place    | Note
-------+----------+-------------------------------------------
     0 | D:1      | Manisian the Spriggan Enchanter began the quest for the
                  | Orb.
     0 | D:1      | Reached XP level 1. HP: 9/9 MP: 5/5
   104 | D:1      | Found Heikk's Weapon Boutique.
   258 | D:1      | Reached XP level 2. HP: 13/13 MP: 6/6
   267 | D:1      | Reached skill level 5 in Stealth
   272 | D:1      | Learned a level 2 spell: Ensorcelled Hibernation
   581 | D:1      | Found Atup's Antique Armour Shop.
  1096 | D:1      | Found Qoix's Distillery.
  1175 | D:1      | Reached XP level 3. HP: 16/16 MP: 3/8
  1179 | D:1      | Learned a level 3 spell: Tukima's Dance
  1494 | D:2      | Reached skill level 6 in Stealth
  1797 | D:2      | Reached XP level 4. HP: 21/21 MP: 9/9
  2150 | D:2      | Learned a level 3 spell: Dazzling Flash
  2590 | D:3      | Found a burning altar of Makhleb.
  2622 | D:3      | Found a faded altar of an unknown god.
  2892 | D:3      | Reached skill level 7 in Stealth
  3074 | D:3      | Found a runed translucent gate.
  3074 | D:3      | Found a runed translucent gate.
  3076 | D:3      | Found a runed translucent gate.
  3079 | D:3      | Noticed drpainis's ghost (amateur MiFi)
  3500 | D:4      | Found a glowing drain.
  3542 | Sewer    | Entered a sewer
  3548 | Sewer    | Reached XP level 5. HP: 21/24 MP: 0/11
  3656 | Sewer    | Noticed a water moccasin
  3667 | Sewer    | Killed a water moccasin
  3668 | Sewer    | Reached skill level 8 in Stealth
  4225 | D:4      | Reached XP level 6. HP: 28/28 MP: 7/12
  4230 | D:4      | Reached skill level 1 in Ice Magic
  4521 | D:4      | Reached skill level 9 in Stealth
  4820 | D:5      | Entered Level 5 of the Dungeon
  4924 | D:5      | Noticed a hornet
  4928 | D:5      | Killed a hornet
  4929 | D:5      | Reached skill level 10 in Stealth
  4929 | D:5      | Reached XP level 7. HP: 32/32 MP: 14/14
  4932 | D:5      | Learned a level 2 spell: Blink
  4936 | D:5      | Learned a level 3 spell: Lesser Beckoning
  5700 | D:5      | Reached skill level 11 in Stealth
  6111 | D:6      | Found a runed translucent door.
  6396 | D:6      | Reached XP level 8. HP: 37/37 MP: 10/16
  6458 | D:6      | Reached skill level 5 in Hexes
  6475 | D:6      | Found a shimmering blue altar of Sif Muna.
  6535 | D:6      | Found an ancient bone altar of Kikubaaqudgha.
  6541 | D:6      | Found a radiant altar of Vehumet.
  6559 | D:6      | Got Kikubaaqudgha's Tome of Sinister Magic
  6694 | D:6      | Reached skill level 12 in Stealth
  6694 | D:6      | Reached skill level 5 in Spellcasting
  6853 | D:6      | Reached skill level 13 in Stealth
  7213 | D:6      | Identified the +4 dagger "Elas" {vorpal, Int+3}
  7351 | D:6      | Noticed Encipher's ghost (novice DsIE)
  7927 | D:7      | Reached XP level 9. HP: 36/40 MP: 15/18
  8037 | D:7      | Reached skill level 14 in Stealth
  8111 | D:7      | Noticed a two-headed ogre
  8450 | D:7      | Found a staircase to the Ecumenical Temple.
  8455 | Temple   | Entered the Ecumenical Temple
  8499 | Temple   | Became a worshipper of Dithmenos the Shadowed
  8542 | D:7      | Noticed Maggie
  8549 | D:7      | Killed Maggie
  8550 | D:7      | Reached skill level 1 in Fighting
  8766 | D:7      | Killed a two-headed ogre
  8767 | D:7      | Reached skill level 1 in Evocations
  9020 | D:7      | Reached skill level 15 in Stealth
  9179 | D:7      | Found Lohost's Assorted Antiques.
  9515 | D:8      | Noticed Erica
  9527 | D:8      | Reached skill level 5 in Short Blades
  9533 | D:8      | Noticed a harpy
  9670 | D:8      | Killed a harpy
  9671 | D:8      | Reached skill level 1 in Shields
  9671 | D:8      | Reached XP level 10. HP: 40/46 MP: 16/21
  9778 | D:8      | Found a broken altar of Ashenzari.
  9781 | D:8      | Found a white marble altar of Elyvilon.
  9781 | D:8      | Found a basalt altar of Yredelemnul.
  9784 | D:8      | Found an iron altar of Okawaru.
  9784 | D:8      | Found a glowing golden altar of the Shining One.
 10717 | D:8      | Killed from afar by Erica

Illustrated notes

Levels and vault maps discovered:
D:1:      dpeg_arrival_round_a, layout_basic, serial_shops,
          nicolae_shop_behind_doors, nicolae_shop_overgrown_old_shop,
          nicolae_shop_hallway_stairs
D:2:      layout_loops_ring, grunt_ministairs_3, kennysheep_pointless_box,
          kennysheep_small_spiral
D:3:      layout_loops_ring, nicolae_overflow_crystal_walls,
          ebering_ghost_rock_garden, hellmonk_ecumenical_altar_arch_garden,
          chequers_arboretum
D:4:      layout_loops_cross, gup_sewer_entry_pipe, minmay_crystal_water
D:5:      layout_loops_ring
D:6:      layout_cave_pods, palyth_temple_overflow_mages,
          ebering_ghost_reflecting_pool
D:7:      layout_cave_pools, minmay_temple_entry_ruins, serial_shops,
          kennysheep_mini_moat, chequers_serial_rivers_micro_b,
          chequers_serial_rivers_micro_d, uniq_maggie
D:8:      layout_rooms, nicolae_overflow_hidden_temple,
          grunt_temple_overflow_open, uniq_erica
Temple:   eino_wide_crystal_templ

Skill      XL: |  1  2  3  4  5  6  7  8  9 |
---------------+----------------------------+-----
Stealth        | 5 6 7 8 10 11 13 15 | 15.5
Spellcasting   | 3 4 5 7 |  7.2
Hexes          | 4 5 7 |  7.0
Ice Magic      | 1 2 3 |  3.5
Dodging        | 3 4 |  4.8
Short Blades   | 2 4 5 |  5.1
Fighting       | 1 |  1.6
Evocations     | 1 |  1.4
Shields        | 1 |  1.0

Action                   |  1- 3 |  4- 6 |  7- 9 | 10-12 || total
-------------------------+-------+-------+-------+-------++-------
Melee: Dagger            |    58 |    92 |   187 |    11 ||   348
       Punch             |       |     1 |     2 |       ||     3
 Cast: Ensorcelled Hiber |    11 |    43 |    54 |    10 ||   118
       Dazzling Flash    |       |       |     4 |     1 ||     5
       Tukima's Dance    |       |       |     4 |       ||     4
Evoke: Wand              |       |       |     8 |       ||     8
  Use: Potion            |     1 |       |     6 |     3 ||    10
       Scroll            |     8 |     7 |     7 |     1 ||    23
 Stab: Sleeping          |    22 |    44 |    40 |     3 ||   109
       Invisible         |     2 |       |     3 |     1 ||     6
Armor: Robe              |     4 |     9 |    15 |       ||    28
Dodge: Dodged            |    30 |    46 |   106 |     8 ||   190
Block: Other             |       |    10 |    35 |     1 ||    46
       Reflection        |       |       |     3 |       ||     3

Table legend: (Time is in decaauts)
 A = Elapsed time spent in this place.
 B = Non-inter-level travel time spent in this place.
 C = Inter-level travel time spent in this place.
 D = Time resting spent in this place.
 E = Time spent auto-exploring this place.
 F = Levels seen in this place.
 G = Mean time per level.
                   A        B        C        D        E       F      G
               +--------+--------+--------+--------+--------+-----+--------+
         Total |   8398 |   8211 |    187 |    890 |   6235 |  10 |  839.8 |
       Dungeon |   8166 |   7985 |    181 |    808 |   6137 |   8 | 1020.8 |
        Temple |     34 |     28 |      6 |      0 |     20 |   1 |   34.0 |
         Sewer |    197 |    197 |      0 |     82 |     77 |   1 |  197.0 |
               +--------+--------+--------+--------+--------+-----+--------+

Top non-repeatable levels by time:
     D:7: 1520 daAuts
     D:6: 1277 daAuts
     D:1: 1055 daAuts
     D:5: 1050 daAuts
     D:8: 914 daAuts
     D:4: 842 daAuts
     D:2: 841 daAuts
     D:3: 664 daAuts
   Sewer: 197 daAuts
  Temple: 34 daAuts
